 Dungeon Crawl Stone Soup version 0.29.1-2-gbd0b4ee654 (webtiles) character file.

Game seed: 4592898982973941022

380 KamiKatze the Conjurer (level 6, -1/32 HPs)
             Began as a Gargoyle Conjurer on Nov 10, 2022.
             Slain by an orc priest
             ... wielding a +0 whip
              (4 damage)
             ... on level 3 of the Dungeon on Nov 11, 2022.
             The game lasted 00:17:18 (3758 turns).

KamiKatze the Conjurer (Gargoyle Conjurer)          Turns: 3758, Time: 00:17:19

Health: -1/32      AC:  8    Str: 10    XL:     6   Next: 75%
Magic:  1/11       EV: 12    Int: 21    God:
Gold:   185        SH:  0    Dex:  8    Spells: 4/11 levels left

rFire   . . .      SeeInvis .   r - +0 trident
rCold   . . .      Faith    .   (no shield)
rNeg    + . .      Spirit   .   a - +0 robe
rPois   ∞          Reflect  .   h - +0 helmet
rElec   +          Harm     .   q - +0 cloak
rCorr   .          Rampage  .   (no gloves)
Will    .....                   (no boots)
Stlth   ++........              (no amulet)
HPRegen 0.10/turn               (no ring)
MPRegen 0.12/turn               (no ring)

@: no status effects
A: sickness immunity, AC +4, negative energy resistance 1, electricity
resistance, torment resistance 1, petrification resistance
a: no special abilities


You were on level 3 of the Dungeon.
You visited 1 branch of the dungeon, and saw 3 of its levels.

You collected 185 gold pieces.

Inventory:

Hand Weapons
 e - a +0 dagger
 g - a +0 short sword
 r - a +0 trident (weapon)
Armour
 a - a +0 robe (worn)
 f - a +0 ring mail
 h - a +0 helmet (worn)
 l - the +0 helmet of the Barnacle {rPois rF+++ MP-9 SInv}
   (You found it on level 2 of the Dungeon)

   rF:        It renders you almost immune to fire.
   rPois:     It protects you from poison.
   MP:        It affects your magic capacity (-9).
   SInv:      It lets you see invisible.
 q - a +0 cloak (worn)
Wands
 n - a wand of roots (7) (quivered)
Scrolls
 d - a scroll of torment {unknown}
 i - 2 scrolls of identify {unknown}
 j - a scroll of enchant weapon {unknown}
 k - 2 scrolls of teleportation {unknown}
 m - 2 scrolls of immolation {unknown}
 o - a scroll of fear {unknown}
 p - 2 scrolls of fog {unknown}
Potions
 b - a potion of magic
 c - a potion of flight


   Skills:
 - Level 2.0 Dodging
 - Level 3.0 Stealth
 * Level 3.3 Spellcasting
 + Level 5.5 Conjurations
 * Level 2.6 Hexes
 * Level 2.6 Translocations


You had 4 spell levels left.
You knew the following spells:

 Your Spells              Type           Power      Damage    Failure   Level
a - Magic Dart            Conj           100%       1d8       1%          1
b - Searing Ray           Conj           52%        2d6       1%          2
c - Fulminant Prism       Conj/Hex       10%        3d9       24%         4

Your spell library contained the following spells:

 Spells                   Type           Power      Damage    Failure   Level
 Dazzling Flash           Conj/Hex       40%        N/A       7%          3
 Summon Small Mammal      Summ           12%        N/A       13%         1
 Summon Guardian Golem    Hex/Summ       9%         N/A       22%         3
 Iskenderun's Mystic Bla  Conj/Tloc      20%        2d6       24%         4
 Call Canine Familiar     Summ           3%         N/A       36%         3


Dungeon Overview and Level Annotations

Branches:
Dungeon (3/15)

Altars:
Elyvilon
Hepliaklqana
Kikubaaqudgha
The Shining One

Annotations:
D:3 Grinder, Pargi


Innate Abilities, Weirdness & Mutations

You are immune to sickness and miasma.
Your stone body is resilient. (AC +4)
You are immune to poison.
You resist negative energy. (rN+)
You are resistant to electric shocks. (rElec)
You are resistant to unholy torment.
You are immune to petrification.


Message History

(Press . to maintain the ray.)
The orc hits you but does no damage.
Casting: Searing Ray (safe; 1% risk of failure)
Confirm with . or Enter, or press ? or * to list all spells.
Restarting spell: Searing Ray (safe; 1% risk of failure)
Press: ? - help, Shift-Dir - straight line, f/p - orc
Aim: an orc, wielding a +0 club and wearing a +0 leather armour of fire resistance (heavily wounded, 79% to hit)
Okay, then.
The searing ray hits the orc.
You kill the orc!
The searing ray misses the orc.
You feel much better. The orc hits you but does no damage.
Casting: Searing Ray (safe; 1% risk of failure)
Confirm with . or Enter, or press ? or * to list all spells.
Aiming: Searing Ray (safe; 1% risk of failure)
Press: ? - help, Shift-Dir - straight line, f - orc priest
Aim: an orc priest, wielding a +0 whip and wearing a +0 scale mail (82% to hit)
The searing ray hits the orc but does no damage.
The searing ray hits the orc priest but does no damage. (Press . to maintain the ray.)
The orc barely misses you.
The searing ray hits the orc.
The orc is heavily wounded.
The searing ray misses the orc priest.
The orc hits you with a +0 whip.
The orc priest invokes the aid of Beogh against you.
Beogh smites you!
* * * LOW HITPOINT WARNING * * *
Unknown command.
The searing ray hits the orc.
You kill the orc!
The searing ray hits the orc priest.
The orc priest is moderately wounded.
Unknown command.
The searing ray hits the orc priest.
The orc priest is heavily wounded.
You finish channelling your searing ray.
The orc priest barely misses you.
Unknown command.
The orc priest hits you with a +0 whip.
You die...

.#.# #.<#..# #.#.._$.# .#)####
##.###.###.#....$# ......## #.##
##....#..$..# ####...####
##>###.###)####### ##.#.....#
#..#..# #.......( #.##.....#
###.### ##....... #.##.....# #.#
##.##### #.##.....# ######.# ..
##.#.....# #.o@...# .## ##....###
#.###### #+## ####.# #)# ##...##
### #.# ####o#### ##.....##
##.###.# #.(...#.## ##.......##
##...##.###.##...).####.........#
...................o..o.........+
##...##.###.###....####.........#
##.###.# #.......## ##.......#


You could see an orc priest.

Vanquished Creatures
  A hound (D:3)
  An orc priest (D:3)
  Terence (D:3)
  4 orc wizards (D:3)
  Robin (D:2)
  4 gnolls (D:3)
  5 adders
  3 worms (D:2)
  4 dart slugs
  8 orcs (D:3)
  4 ball pythons (D:1)
  5 endoplasms
  A giant cockroach (D:3)
  11 hobgoblins
  6 kobolds
  A quokka (D:2)
  4 bats
  2 frilled lizards
  12 goblins
  7 rats
85 creatures vanquished.

Vanquished Creatures (others)
  6 fungi (D:3)
6 creatures vanquished.

Grand Total: 91 creatures vanquished

Notes
Turn   | Place    | Note
-------+----------+-------------------------------------------
     0 | D:1      | KamiKatze the Gargoyle Conjurer began the quest for the
                  | Orb.
     0 | D:1      | Reached XP level 1. HP: 10/10 MP: 3/3
   351 | D:1      | Reached XP level 2. HP: 15/15 MP: 3/5
   354 | D:1      | Learned a level 2 spell: Searing Ray
   640 | D:1      | Reached XP level 3. HP: 18/19 MP: 6/6
   771 | D:1      | Reached skill level 1 in Translocations
   864 | D:2      | You fall into a shaft and drop 1 floor!
   957 | D:3      | Found a glowing golden altar of the Shining One.
  1038 | D:2      | Identified the +0 helmet of the Barnacle {rPois rF+++ MP-9
                  | SInv}
  1213 | D:2      | Reached skill level 1 in Hexes
  1428 | D:2      | Reached XP level 4. HP: 24/24 MP: 4/7
  1565 | D:2      | Noticed Robin
  1620 | D:2      | Killed Robin
  1928 | D:2      | HP: 1/24 [worm (7)]
  2226 | D:2      | Found a faded altar of an unknown god.
  2334 | D:3      | Reached XP level 5. HP: 28/28 MP: 3/8
  2398 | D:3      | Reached skill level 5 in Conjurations
  2581 | D:3      | Noticed Pargi
  2689 | D:3      | Found an ancient bone altar of Kikubaaqudgha.
  2771 | D:3      | Found a hazy altar of Hepliaklqana.
  2794 | D:3      | Learned a level 4 spell: Fulminant Prism
  2921 | D:3      | Noticed Grinder
  2978 | D:3      | Noticed Terence
  3000 | D:3      | Killed Terence
  3119 | D:3      | Reached XP level 6. HP: 32/32 MP: 3/10
  3363 | D:3      | Found a white marble altar of Elyvilon.
  3758 | D:3      | Slain by an orc priest

Illustrated notes

Levels and vault maps discovered:
D:1:      giann_bridges, layout_basic
D:2:      layout_basic, chequers_ecumenical_altar_simple_redux, uniq_robin
D:3:      layout_loops_corners, amcnicky_altar_gilded, kiku_gazebo_pond_becter,
          old_standard_altar, mainiacjoe_overflow_chevrons, chequers_garden,
          uniq_pargi, uniq_grinder, uniq_terence, uniq_ijyb

Skill      XL: |  1  2  3  4  5 |
---------------+----------------+-----
Translocations | 1 2 |  2.6
Hexes          | 1 2 |  2.6
Conjurations   | 5 |  5.5
Stealth        | 3 |  3.0
Dodging        | 2 |  2.0
Spellcasting   | 3 |  3.3

Action                   |  1- 3 |  4- 6 || total
-------------------------+-------+-------++-------
Melee: Dagger            |    10 |       ||    10
       Short sword       |    29 |    61 ||    90
       Punch             |     1 |     2 ||     3
       Trident           |       |     3 ||     3
 Cast: Magic Dart        |    47 |    54 ||   101
       Searing Ray       |     5 |    20 ||    25
  Use: Potion            |       |     7 ||     7
 Stab: Sleeping          |     4 |       ||     4
Armor: Robe              |    17 |    41 ||    58
Dodge: Dodged            |    24 |    47 ||    71
